Senateurs vs Capitals

Created - March 3, 2020 at 20:40

Goals
1 2 3 T
Senateurs 2 1 0 3
Capitals 2 1 1 4
Shots
1 2 3 T
Senateurs 20 5 10 35
Capitals 13 14 10 37

1st period

1. Capitals , Joe Thornton 23 (Joe Pavelski 25) at 6:20
2. Capitals , Joe Pavelski 16 (Joe Thornton 33, Ryan Suter 8) at 11:11
3. Senateurs , Sidney Crosby 42 (Phil Kessel 40, Dion Phaneuf 39) at 13:03 (PP)
4. Senateurs , Sidney Crosby 43 (Nate Prosser 12) at 18:34

Penalties :
Jamie Benn (Ott) for Interference (Minor) at 1:52, Thomas Vanek (Was) for Delaying the game (Minor) at 12:43

2nd period

5. Senateurs , Phil Kessel 30 (Jamie Benn 28, Sergei Kostitsyn 10) at 11:15
6. Capitals , Thomas Vanek 18 (Joe Thornton 34, Joe Pavelski 26) at 11:32

Penalties :
Peter Worrell (Was) for Fighting (Major) at 9:44, Sidney Crosby (Ott) for Fighting (Major) at 9:44, Joe Thornton (Was) for Interference (Minor) at 11:45, Daniel Sedin (Ott) for Hooking (Minor) at 15:45

3rd period

7. Capitals , Brian McGrattan 3 (Mikko Koivu 7, Ondrej Palat 2) at 12:33

Penalties :
Nate Prosser (Ott) for Holding (Minor) at 1:37, Mikko Koivu (Was) for Holding (Minor) at 5:51, Brian McGrattan (Was) for Holding (Minor) at 9:31, Ondrej Palat (Was) for Holding Stick (Minor) at 18:00

Goalie Stats

Roberto Luongo (Ott), 33 saves from 37 shots - (0.892), L, 4-8-1, 58:46 minutes
Tuukka Rask (Was), 32 saves from 35 shots - (0.914), W, 16-13-4, 60:00 minutes

Players Stats for Senateurs

Player Name              G  A  P  +/- PIM S  H  SB GA TA FO     MP     PP MP  PK MP  
------------------------------------------------------------------------------------
Arturs Kulda             0  0  0   0  0   0  0  0  0  1  0/0     3:40   0:00   0:07 
Carlo Colaiacovo         0  0  0   0  0   2  0  0  0  0  0/0    11:03   0:00   0:40 
Cody Franson             0  0  0  -2  0   1  1  1  1  0  0/0    26:18   5:49   4:02 
Colby Armstrong          0  0  0  -1  0   3  0  1  0  0  0/0    17:35   2:52   0:00 
Daniel Briere            0  0  0   0  0   1  1  0  0  0  2/7    12:22   0:00   1:40 
Daniel Sedin             0  0  0  -1  2   1  3  1  1  1  1/1    16:44   2:52   0:08 
Dion Phaneuf             0  1  1  -2  0   1  1  4  0  0  0/0    29:07   5:49   4:02 
Duncan Keith             0  0  0   0  0   1  1  2  1  0  0/0    20:30   2:27   1:55 
Evgeni Malkin            0  0  0  -1  0   6  2  0  0  1  3/7    19:25   2:42   3:23 
Jamie Benn               0  1  1   0  2   0  1  1  0  0  3/4    20:37   5:24   0:46 
Mark Giordano            0  0  0   0  0   0  1  0  0  1  0/0    10:23   0:00   0:00 
Nate Prosser             0  1  1   0  2   0  1  5  1  0  0/0    19:03   2:27   1:08 
Phil Kessel              1  1  2   0  0   7  2  1  0  0  0/0    21:30   5:24   1:40 
Radim Vrbata             0  0  0   0  0   1  0  0  0  0  0/0    12:35   0:28   0:00 
Ryan Hollweg             0  0  0  -1  0   0  2  0  1  0  0/1     8:04   0:00   0:54 
Sergei Kostitsyn         0  1  1   0  0   2  1  0  0  3  0/5    14:25   0:48   0:00 
Sidney Crosby            2  0  2  -1  5   9  0  0  1  0  13/30  24:07   4:18   3:23 
Stephane Da Costa        0  0  0  -1  0   0  2  0  0  0  1/4     6:31   0:00   0:00 

Players Stats for Capitals

Player Name              G  A  P  +/- PIM S  H  SB GA TA FO     MP     PP MP  PK MP  
------------------------------------------------------------------------------------
Brent Burns              0  0  0   1  0   2  2  4  0  0  0/0    27:54   3:50   5:15 
Brian McGrattan          1  0  1   1  2   2  1  0  0  0  1/1    10:41   0:00   1:24 
Jason Pominville         0  0  0  -1  0   5  0  0  0  0  0/0    17:07   2:47   1:56 
Jeff Skinner             0  0  0   0  0   2  0  0  0  0  0/0     8:24   0:00   0:14 
Joe Pavelski             1  2  3   2  0   6  3  0  1  0  0/2    20:07   3:10   1:56 
Joe Thornton             1  2  3   2  2   5  0  0  2  0  23/37  22:41   3:10   3:23 
Josh Manson              0  0  0  -1  0   0  0  0  0  0  0/0    11:03   0:00   0:00 
Justin Faulk             0  0  0   2  0   1  0  1  0  0  0/0    21:03   2:07   3:01 
Mikko Koivu              0  1  1   1  2   3  2  0  0  1  0/0    11:32   0:00   0:24 
Nick Leddy               0  0  0  -1  0   1  0  1  1  1  0/0    11:03   0:00   0:00 
Ondrej Palat             0  1  1   1  2   1  0  0  0  1  0/0    10:38   0:00   1:35 
Pernell Karl Subban      0  0  0   1  0   0  1  0  0  1  0/0    27:54   3:50   5:15 
Peter Worrell            0  0  0  -1  5   2  4  0  0  0  0/1    14:11   2:47   0:03 
Ryan Getzlaf             0  0  0  -1  0   2  3  0  0  0  10/13  15:11   2:47   0:00 
Ryan Nugent-Hopkins      0  0  0   0  0   1  0  0  1  0  2/4     9:52   0:00   1:42 
Ryan Suter               0  1  1   2  0   1  0  0  1  1  0/0    21:03   2:07   3:01 
T.J. Oshie               0  0  0   0  0   0  0  0  0  0  0/0     8:01   0:00   0:00 
Thomas Vanek             1  0  1   2  2   3  4  0  1  1  0/1    23:13   3:10   3:55 

3 Stars

1 - Joe Pavelski (Was)
2 - Joe Thornton (Was)
3 - Thomas Vanek (Was)

Power Play

Senateurs - 1 on 5 Attempt(s) - 20.00%
Capitals - 0 on 3 Attempt(s) - 0.00%

Penalty Kill

Senateurs - 3 on 3 Attempt(s) - 100.00% - Score 0 goal in Penalty Kill
Capitals - 4 on 5 Attempt(s) - 80.00% - Score 0 goal in Penalty Kill

Team Stat

Senateurs - Hits : 19 - Faceoff Wins : 23 - Blocked Shots : 16 - Penalty Minutes : 11
Capitals - Hits : 20 - Faceoff Wins : 36 - Blocked Shots : 6 - Penalty Minutes : 15

Official

Referees : Unknown
Linesman : Unknown

Game Notes

Sidney Crosby beats up Peter Worrell at 9:44 of 2nd period

Finance

Level 1 -- Attendance: 5923 (98.72%) -- Ticket Income $604,146
Level 2 -- Attendance: 5000 (100.00%) -- Ticket Income $260,000
Level 3 -- Attendance: 1973 (98.65%) -- Ticket Income $82,866
Level 4 -- Attendance: 3995 (99.88%) -- Ticket Income $103,870
Luxury Box -- Attendance: 741 (74.10%) -- Ticket Income $143,013
Game was played at the Verizon Center.
Total Attendance: 17632 (97.96%)
Total Ticket Income: $1,193,895
Other Income: $179,084
Total Income: $1,372,979

Senateurs

5 vs 5 Forward 
   Center                   Left Wing                Right Wing               Time % Phy DF OF 
 1 Sidney Crosby            Jamie Benn               Phil Kessel              40     1   2  2  
 2 Evgeni Malkin            Daniel Sedin             Colby Armstrong          30     1   2  2  
 3 Daniel Briere            Sergei Kostitsyn         Radim Vrbata             20     1   2  2  
 4 Stephane Da Costa        Ryan Hollweg             Sidney Crosby            10     1   2  2  

5 vs 5 Defense 
   Defense                  Defense                                           Time % Phy DF OF 
 1 Dion Phaneuf             Cody Franson                                      40     1   2  2  
 2 Duncan Keith             Nate Prosser                                      30     1   2  2  
 3 Mark Giordano            Carlo Colaiacovo                                  20     1   2  2  
 4 Arturs Kulda             Dion Phaneuf                                      10     1   2  2  

PowerPlay Forward 
   Center                   Left Wing                Right Wing               Time % Phy DF OF 
 1 Sidney Crosby            Jamie Benn               Phil Kessel              60     1   2  2  
 2 Evgeni Malkin            Daniel Sedin             Colby Armstrong          40     1   2  2  

PowerPlay Defense
   Defense                  Defense                                           Time % Phy DF OF 
 1 Dion Phaneuf             Cody Franson                                      60     1   2  2  
 2 Duncan Keith             Nate Prosser                                      40     1   2  2  

Penalty Kill 4 Players Forward 
   Center                   Wing                     Time % Phy DF OF 
 1 Sidney Crosby            Evgeni Malkin            60     1   2  2  
 2 Phil Kessel              Daniel Briere            40     1   2  2  

Penalty Kill 4 Players Defense
   Defense                  Defense                  Time % Phy DF OF 
 1 Dion Phaneuf             Cody Franson             60     1   2  2  
 2 Duncan Keith             Nate Prosser             40     1   2  2  

Penalty Kill - 3 Players Forward 
   Forward                                           Time % Phy DF OF 
 1 Sidney Crosby                                     60     1   2  2  
 2 Evgeni Malkin                                     40     1   2  2  

Penalty Kill - 3 Players Defense
   Defense                  Defense                  Time % Phy DF OF 
 1 Dion Phaneuf             Cody Franson             60     1   2  2  
 2 Duncan Keith             Nate Prosser             40     1   2  2  

4 vs 4 Forward 
   Center                   Wing                     Time % Phy DF OF 
 1 Sidney Crosby            Evgeni Malkin            60     1   2  2  
 2 Phil Kessel              Daniel Briere            40     1   2  2  

4 vs 4 Defense
   Defense                  Defense                  Time % Phy DF OF 
 1 Dion Phaneuf             Cody Franson             60     1   2  2  
 2 Duncan Keith             Nate Prosser             40     1   2  2  

Last Minutes Offensive
   Center                   Left Wing                Right Wing               Defense                  Defense                  
   Sidney Crosby            Jamie Benn               Phil Kessel              Dion Phaneuf             Cody Franson             

Last Minutes Defensive
   Center                   Left Wing                Right Wing               Defense                  Defense                  
   Sidney Crosby            Jamie Benn               Phil Kessel              Dion Phaneuf             Cody Franson             

Goaltenders
Starting : Roberto Luongo           
Backup : Ondrej Pavelec           

Extra Forwards
Normal : Sergei Kostitsyn, Radim Vrbata, Ryan Hollweg - PP : Sergei Kostitsyn, Radim Vrbata - PK : Ryan Hollweg
Extra Defensemen
Normal : Mark Giordano, Carlo Colaiacovo, Arturs Kulda - PP : Mark Giordano - PK : Carlo Colaiacovo, Arturs Kulda
Penalty Shots
Sidney Crosby, Evgeni Malkin, Phil Kessel, Daniel Briere, Jamie Benn

Scratches
Chris Kunitz (Healthy), Michel Ouellet (Healthy)

Capitals

5 vs 5 Forward 
   Center                   Left Wing                Right Wing               Time % Phy DF OF 
 1 Joe Thornton             Thomas Vanek             Joe Pavelski             40     1   2  2  
 2 Ryan Getzlaf             Peter Worrell            Jason Pominville         30     1   2  2  
 3 Mikko Koivu              Ondrej Palat             T.J. Oshie               20     1   2  2  
 4 Ryan Nugent-Hopkins      Jeff Skinner             Brian McGrattan          10     1   2  2  

5 vs 5 Defense 
   Defense                  Defense                                           Time % Phy DF OF 
 1 Brent Burns              Pernell Karl Subban                               40     1   2  2  
 2 Ryan Suter               Justin Faulk                                      30     1   2  2  
 3 Nick Leddy               Josh Manson                                       20     1   2  2  
 4 Brent Burns              Pernell Karl Subban                               10     1   2  2  

PowerPlay Forward 
   Center                   Left Wing                Right Wing               Time % Phy DF OF 
 1 Joe Thornton             Thomas Vanek             Joe Pavelski             60     1   2  2  
 2 Ryan Getzlaf             Peter Worrell            Jason Pominville         40     1   2  2  

PowerPlay Defense
   Defense                  Defense                                           Time % Phy DF OF 
 1 Brent Burns              Pernell Karl Subban                               60     1   2  2  
 2 Ryan Suter               Justin Faulk                                      40     1   2  2  

Penalty Kill 4 Players Forward 
   Center                   Wing                     Time % Phy DF OF 
 1 Joe Thornton             Thomas Vanek             60     1   2  2  
 2 Joe Pavelski             Jason Pominville         40     1   2  2  

Penalty Kill 4 Players Defense
   Defense                  Defense                  Time % Phy DF OF 
 1 Brent Burns              Pernell Karl Subban      60     1   2  2  
 2 Ryan Suter               Justin Faulk             40     1   2  2  

Penalty Kill - 3 Players Forward 
   Forward                                           Time % Phy DF OF 
 1 Joe Thornton                                      60     1   2  2  
 2 Thomas Vanek                                      40     1   2  2  

Penalty Kill - 3 Players Defense
   Defense                  Defense                  Time % Phy DF OF 
 1 Brent Burns              Pernell Karl Subban      60     1   2  2  
 2 Ryan Suter               Justin Faulk             40     1   2  2  

4 vs 4 Forward 
   Center                   Wing                     Time % Phy DF OF 
 1 Joe Thornton             Thomas Vanek             60     1   2  2  
 2 Joe Pavelski             Jason Pominville         40     1   2  2  

4 vs 4 Defense
   Defense                  Defense                  Time % Phy DF OF 
 1 Brent Burns              Pernell Karl Subban      60     1   2  2  
 2 Ryan Suter               Justin Faulk             40     1   2  2  

Last Minutes Offensive
   Center                   Left Wing                Right Wing               Defense                  Defense                  
   Joe Thornton             Thomas Vanek             Joe Pavelski             Brent Burns              Pernell Karl Subban      

Last Minutes Defensive
   Center                   Left Wing                Right Wing               Defense                  Defense                  
   Joe Thornton             Thomas Vanek             Joe Pavelski             Brent Burns              Pernell Karl Subban      

Goaltenders
Starting : Tuukka Rask              
Backup : Mike Smith               

Extra Forwards
Normal : Mikko Koivu, T.J. Oshie, Brian McGrattan - PP : Mikko Koivu, T.J. Oshie - PK : Brian McGrattan
Extra Defensemen
Normal : Nick Leddy, Josh Manson, Ryan Suter - PP : Nick Leddy - PK : Josh Manson, Ryan Suter
Penalty Shots
Joe Thornton, Thomas Vanek, Joe Pavelski, Jason Pominville, Ryan Getzlaf

Scratches
Patrick Sharp (Healthy)

% Time on Ice - Senateurs

Lines # - Real PCT - Wanted PCT - Time Play
Normal Forward
1 - 32% - 40% - 14:33
2 - 31% - 30% - 14:01
3 - 23% - 20% - 10:42
4 - 14% - 10% - 6:31
Normal Defense
1 - 36% - 40% - 16:27
2 - 35% - 30% - 16:08
3 - 23% - 20% - 10:23
4 - 6% - 10% - 2:49
PP Forward
1 - 67% - 60% - 5:34
2 - 33% - 40% - 2:42
PP Defense
1 - 70% - 60% - 5:49
2 - 30% - 40% - 2:27
PK Forward
1 - 72% - 60% - 4:17
2 - 28% - 40% - 1:40
PK Defense
1 - 68% - 60% - 4:02
2 - 32% - 40% - 1:55
PK3 Forward
1 - 0% - 60%
2 - 0% - 40%
PK3 Defense
1 - 0% - 60%
2 - 0% - 40%
44 Forward
1 - 0% - 60%
2 - 0% - 40%
44 Defense
1 - 0% - 60%
2 - 0% - 40%
Last Minute Offensive  - 0:00
Last Minute Defensive  - 0:00
Total
Forward - 60:00
Defense - 60:00

% Time on Ice - Capitals

Lines # - Real PCT - Wanted PCT - Time Play
Normal Forward
1 - 38% - 40% - 17:12
2 - 27% - 30% - 12:24
3 - 18% - 20% - 8:01
4 - 18% - 10% - 8:10
Normal Defense
1 - 37% - 40% - 16:56
2 - 35% - 30% - 15:55
3 - 24% - 20% - 11:03
4 - 4% - 10% - 1:53
PP Forward
1 - 53% - 60% - 3:10
2 - 47% - 40% - 2:47
PP Defense
1 - 64% - 60% - 3:50
2 - 36% - 40% - 2:07
PK Forward
1 - 77% - 60% - 6:20
2 - 23% - 40% - 1:56
PK Defense
1 - 64% - 60% - 5:15
2 - 36% - 40% - 3:01
PK3 Forward
1 - 0% - 60%
2 - 0% - 40%
PK3 Defense
1 - 0% - 60%
2 - 0% - 40%
44 Forward
1 - 0% - 60%
2 - 0% - 40%
44 Defense
1 - 0% - 60%
2 - 0% - 40%
Last Minute Offensive  - 0:00
Last Minute Defensive  - 0:00
Total
Forward - 60:00
Defense - 60:00

Play-by-Play

1st period


0:01 of 1st period - Joe Thornton wins face-off versus Sidney Crosby in neutral zone.
0:27 of 1st period - Jason Pominville is hit by Evgeni Malkin and loses puck.
0:40 of 1st period - Snap shot by Evgeni Malkin.
0:40 of 1st period - Shot Misses the Net.
0:56 of 1st period - Snap shot by Ondrej Palat.
0:56 of 1st period - Stopped by Roberto Luongo without a rebound.
0:57 of 1st period - Ryan Nugent-Hopkins wins face-off versus Daniel Briere in Senateurs zone.
1:43 of 1st period - Snap shot by Sidney Crosby.
1:43 of 1st period - Stopped by Tuukka Rask with a rebound.
1:52 of 1st period - Minor Penalty to Jamie Benn for Interference.
1:53 of 1st period - Joe Thornton wins face-off versus Sidney Crosby in Senateurs zone.
2:25 of 1st period - Cody Franson is hit by Ryan Getzlaf and loses puck.
3:21 of 1st period - Evgeni Malkin is hit by Ryan Getzlaf and loses puck.
3:38 of 1st period - Cody Franson is hit by Thomas Vanek and loses puck.
3:52 of 1st period - Penalty to Jamie Benn is over, Jamie Benn is back on ice.
4:19 of 1st period - Snap shot by Jeff Skinner.
4:19 of 1st period - Stopped by Roberto Luongo with a rebound.
4:21 of 1st period - Slapshot by Ryan Nugent-Hopkins.
4:21 of 1st period - Shot Blocked by Duncan Keith.
4:23 of 1st period - Slapshot by Ryan Suter.
4:23 of 1st period - Shot Blocked by Duncan Keith.
4:27 of 1st period - Snap shot by Ryan Nugent-Hopkins.
4:27 of 1st period - Stopped by Roberto Luongo with a rebound.
5:19 of 1st period - Justin Faulk is hit by Daniel Sedin and loses puck.
5:34 of 1st period - Ryan Getzlaf is hit by Stephane Da Costa and loses puck.
6:18 of 1st period - Snap shot by Joe Thornton.
6:18 of 1st period - Shot Misses the Net.
6:20 of 1st period - Wrist shot by Joe Thornton.
6:20 of 1st period - Goal by Joe Thornton - Senateurs : 0 - Capitals : 1.
6:21 of 1st period - Ryan Getzlaf wins face-off versus Sidney Crosby in neutral zone.
6:31 of 1st period - Snap shot by Phil Kessel.
6:31 of 1st period - Stopped by Tuukka Rask without a rebound.
6:32 of 1st period - Jamie Benn wins face-off versus Joe Thornton in Capitals zone.
6:45 of 1st period - Slapshot by Joe Pavelski.
6:45 of 1st period - Stopped by Roberto Luongo with a rebound.
6:47 of 1st period - Snap shot by Joe Pavelski.
6:47 of 1st period - Stopped by Roberto Luongo without a rebound.
6:48 of 1st period - Evgeni Malkin wins face-off versus Ryan Getzlaf in Senateurs zone.
6:48 of 1st period - Evgeni Malkin is hit by Peter Worrell.
6:56 of 1st period - Slapshot by Dion Phaneuf.
6:56 of 1st period - Shot Misses the Net.
7:49 of 1st period - Wrist shot by Phil Kessel.
7:49 of 1st period - Stopped by Tuukka Rask without a rebound.
7:50 of 1st period - Ryan Getzlaf wins face-off versus Evgeni Malkin in Capitals zone.
7:50 of 1st period - Ryan Getzlaf is hit by Duncan Keith.
8:02 of 1st period - Wrist shot by Jason Pominville.
8:02 of 1st period - Shot Blocked by Nate Prosser.
8:04 of 1st period - Snap shot by Jason Pominville.
8:04 of 1st period - Deflect By Ryan Getzlaf.
8:04 of 1st period - Shot Blocked by Daniel Sedin.
8:04 of 1st period - Puck is out of play.
8:05 of 1st period - Joe Thornton wins face-off versus Daniel Briere in Senateurs zone.
8:08 of 1st period - Snap shot by Joe Thornton.
8:08 of 1st period - Stopped by Roberto Luongo without a rebound.
8:09 of 1st period - Daniel Briere wins face-off versus Joe Pavelski in Senateurs zone.
8:22 of 1st period - Joe Pavelski is hit by Nate Prosser and loses puck.
9:05 of 1st period - Snap shot by Evgeni Malkin.
9:05 of 1st period - Stopped by Tuukka Rask with a rebound.
9:07 of 1st period - Snap shot by Evgeni Malkin.
9:07 of 1st period - Stopped by Tuukka Rask with a rebound.
9:09 of 1st period - Snap shot by Evgeni Malkin.
9:09 of 1st period - Stopped by Tuukka Rask with a rebound.
9:21 of 1st period - Slapshot by Cody Franson.
9:21 of 1st period - Stopped by Tuukka Rask with a rebound.
10:00 of 1st period - Daniel Sedin is hit by Peter Worrell and loses puck.
10:57 of 1st period - Wrist shot by Phil Kessel.
10:57 of 1st period - Stopped by Tuukka Rask with a rebound.
10:59 of 1st period - Wrist shot by Sidney Crosby.
10:59 of 1st period - Shot Blocked by Justin Faulk.
11:01 of 1st period - Slapshot by Sidney Crosby.
11:01 of 1st period - Stopped by Tuukka Rask with a rebound.
11:07 of 1st period - Slapshot by Joe Pavelski.
11:07 of 1st period - Shot Blocked by Dion Phaneuf.
11:09 of 1st period - Snap shot by Joe Pavelski.
11:09 of 1st period - Shot Misses the Net.
11:11 of 1st period - Snap shot by Joe Pavelski.
11:11 of 1st period - Goal by Joe Pavelski - Senateurs : 0 - Capitals : 2.
11:12 of 1st period - Evgeni Malkin wins face-off versus Ryan Getzlaf in neutral zone.
11:31 of 1st period - Evgeni Malkin is hit by Brent Burns and loses puck.
11:44 of 1st period - Evgeni Malkin is hit by Mikko Koivu and loses puck.
12:02 of 1st period - Icing by Duncan Keith.
12:03 of 1st period - Joe Thornton wins face-off versus Evgeni Malkin in Senateurs zone.
12:11 of 1st period - Snap shot by Daniel Sedin.
12:11 of 1st period - Stopped by Tuukka Rask with a rebound.
12:13 of 1st period - Wrist shot by Daniel Sedin.
12:13 of 1st period - Shot Misses the Net.
12:17 of 1st period - Slapshot by Duncan Keith.
12:17 of 1st period - Stopped by Tuukka Rask without a rebound.
12:18 of 1st period - Ryan Getzlaf wins face-off versus Sidney Crosby in Capitals zone.
12:29 of 1st period - Snap shot by Jason Pominville.
12:29 of 1st period - Shot Blocked by Cody Franson.
12:43 of 1st period - Minor Penalty to Thomas Vanek for Delaying the game.
12:44 of 1st period - Joe Thornton wins face-off versus Sidney Crosby in Capitals zone.
12:53 of 1st period - Snap shot by Phil Kessel.
12:53 of 1st period - Stopped by Tuukka Rask without a rebound.
12:54 of 1st period - Sidney Crosby wins face-off versus Joe Thornton in Capitals zone.
12:55 of 1st period - Slapshot by Jamie Benn.
12:55 of 1st period - Shot Misses the Net.
12:57 of 1st period - Slapshot by Dion Phaneuf.
12:57 of 1st period - Shot Misses the Net.
13:01 of 1st period - Slapshot by Sidney Crosby.
13:01 of 1st period - Shot Blocked by Brent Burns.
13:03 of 1st period - Wrist shot by Sidney Crosby.
13:03 of 1st period - Goal by Sidney Crosby - Senateurs : 1 - Capitals : 2.
13:04 of 1st period - Sidney Crosby wins face-off versus Joe Thornton in neutral zone.
13:11 of 1st period - Snap shot by Sidney Crosby.
13:11 of 1st period - Stopped by Tuukka Rask without a rebound.
13:12 of 1st period - Joe Thornton wins face-off versus Sidney Crosby in Capitals zone.
13:17 of 1st period - Slapshot by Brent Burns.
13:17 of 1st period - Stopped by Roberto Luongo without a rebound.
13:18 of 1st period - Joe Thornton wins face-off versus Sidney Crosby in Senateurs zone.
13:45 of 1st period - Jason Pominville is hit by Daniel Sedin.
13:49 of 1st period - Evgeni Malkin is hit by Ryan Getzlaf and loses puck.
14:29 of 1st period - Duncan Keith is hit by Thomas Vanek and loses puck.
14:36 of 1st period - Snap shot by Joe Thornton.
14:36 of 1st period - Stopped by Roberto Luongo with a rebound.
15:06 of 1st period - Slapshot by Phil Kessel.
15:06 of 1st period - Shot Blocked by Brent Burns.
15:08 of 1st period - Snap shot by Phil Kessel.
15:08 of 1st period - Stopped by Tuukka Rask with a rebound.
15:15 of 1st period - Icing by Brian McGrattan.
15:16 of 1st period - Ryan Nugent-Hopkins wins face-off versus Daniel Briere in Capitals zone.
15:23 of 1st period - Snap shot by Sergei Kostitsyn.
15:23 of 1st period - Stopped by Tuukka Rask with a rebound.
15:25 of 1st period - Snap shot by Radim Vrbata.
15:25 of 1st period - Stopped by Tuukka Rask with a rebound.
15:27 of 1st period - Snap shot by Daniel Briere.
15:27 of 1st period - Stopped by Tuukka Rask without a rebound.
15:28 of 1st period - Joe Thornton wins face-off versus Sidney Crosby in Capitals zone.
15:28 of 1st period - Joe Thornton is hit by Dion Phaneuf.
15:33 of 1st period - Off-side.
15:34 of 1st period - Sidney Crosby wins face-off versus Thomas Vanek in neutral zone.
15:51 of 1st period - Snap shot by Thomas Vanek.
15:51 of 1st period - Stopped by Roberto Luongo without a rebound.
15:52 of 1st period - Daniel Sedin wins face-off versus Peter Worrell in Senateurs zone.
16:20 of 1st period - Sidney Crosby is hit by Thomas Vanek and loses puck.
16:48 of 1st period - Snap shot by Mikko Koivu.
16:48 of 1st period - Stopped by Roberto Luongo with a rebound.
17:27 of 1st period - Snap shot by Jason Pominville.
17:27 of 1st period - Shot Blocked by Nate Prosser.
17:55 of 1st period - Nate Prosser is hit by Joe Pavelski and loses puck.
18:32 of 1st period - Slapshot by Sidney Crosby.
18:32 of 1st period - Stopped by Tuukka Rask with a rebound.
18:34 of 1st period - Slapshot by Sidney Crosby.
18:34 of 1st period - Goal by Sidney Crosby - Senateurs : 2 - Capitals : 2.
18:35 of 1st period - Joe Thornton wins face-off versus Sidney Crosby in neutral zone.
18:46 of 1st period - Snap shot by Joe Thornton.
18:46 of 1st period - Stopped by Roberto Luongo with a rebound.
19:04 of 1st period - Slapshot by Pernell Karl Subban.
19:04 of 1st period - Shot Misses the Net.
19:06 of 1st period - Slapshot by Pernell Karl Subban.
19:06 of 1st period - Shot Blocked by Dion Phaneuf.
19:08 of 1st period - Snap shot by Ryan Getzlaf.
19:08 of 1st period - Shot Blocked by Dion Phaneuf.
19:28 of 1st period - Snap shot by Mikko Koivu.
19:28 of 1st period - Shot Misses the Net.
19:30 of 1st period - Snap shot by Mikko Koivu.
19:30 of 1st period - Shot Misses the Net.
19:44 of 1st period - Brian McGrattan is hit by Stephane Da Costa and loses puck.
Goals for this period are 2 for Senateurs vs 2 for Capitals.
Shots for this period are 20 for Senateurs vs 13 for Capitals.

2nd period


0:01 of 2nd period - Sidney Crosby wins face-off versus Joe Thornton in neutral zone.
0:29 of 2nd period - Colby Armstrong is hit by Peter Worrell and loses puck.
1:15 of 2nd period - Nick Leddy is hit by Mark Giordano and loses puck.
1:20 of 2nd period - Snap shot by Sidney Crosby.
1:20 of 2nd period - Shot Blocked by Nick Leddy.
1:30 of 2nd period - Duncan Keith is hit by Thomas Vanek and loses puck.
2:39 of 2nd period - Snap shot by Joe Pavelski.
2:39 of 2nd period - Stopped by Roberto Luongo with a rebound.
2:49 of 2nd period - Peter Worrell is hit by Cody Franson and loses puck.
2:59 of 2nd period - Icing by Nick Leddy.
3:00 of 2nd period - Ryan Getzlaf wins face-off versus Daniel Briere in Capitals zone.
3:34 of 2nd period - Slapshot by Phil Kessel.
3:34 of 2nd period - Deflect By Sidney Crosby.
3:34 of 2nd period - Stopped by Tuukka Rask with a rebound.
5:04 of 2nd period - Pernell Karl Subban is hit by Ryan Hollweg and loses puck.
5:36 of 2nd period - Backhand shot by Jason Pominville.
5:36 of 2nd period - Stopped by Roberto Luongo with a rebound.
6:39 of 2nd period - Slapshot by Nick Leddy.
6:39 of 2nd period - Stopped by Roberto Luongo with a rebound.
7:08 of 2nd period - Off-side.
7:09 of 2nd period - Evgeni Malkin wins face-off versus Joe Thornton in neutral zone.
7:12 of 2nd period - Slapshot by Duncan Keith.
7:12 of 2nd period - Shot Misses the Net.
8:17 of 2nd period - Off-side.
8:18 of 2nd period - Stephane Da Costa wins face-off versus Ryan Nugent-Hopkins in neutral zone.
8:27 of 2nd period - Wrist shot by Sidney Crosby.
8:27 of 2nd period - Shot Misses the Net.
8:40 of 2nd period - Mark Giordano is hit by Brian McGrattan.
8:48 of 2nd period - Slapshot by Carlo Colaiacovo.
8:48 of 2nd period - Stopped by Tuukka Rask without a rebound.
8:49 of 2nd period - Joe Thornton wins face-off versus Evgeni Malkin in Capitals zone.
9:27 of 2nd period - Snap shot by Thomas Vanek.
9:27 of 2nd period - Deflect By Sidney Crosby.
9:27 of 2nd period - Stopped by Roberto Luongo without a rebound.
9:28 of 2nd period - Ryan Getzlaf wins face-off versus Jamie Benn in Senateurs zone.
9:29 of 2nd period - Snap shot by Jason Pominville.
9:29 of 2nd period - Shot Blocked by Nate Prosser.
9:31 of 2nd period - Wrist shot by Jason Pominville.
9:31 of 2nd period - Stopped by Roberto Luongo with a rebound.
9:33 of 2nd period - Wrist shot by Peter Worrell.
9:33 of 2nd period - Deflect By Phil Kessel.
9:33 of 2nd period - Stopped by Roberto Luongo with a rebound.
9:35 of 2nd period - Backhand shot by Peter Worrell.
9:35 of 2nd period - Stopped by Roberto Luongo without a rebound.
9:36 of 2nd period - Sidney Crosby wins face-off versus Ryan Getzlaf in Senateurs zone.
9:44 of 2nd period - Sidney Crosby beats up Peter Worrell.
9:44 of 2nd period - Penalty to Peter Worrell for Fighting.
9:44 of 2nd period - Penalty to Sidney Crosby for Fighting.
9:45 of 2nd period - Joe Thornton wins face-off versus Sergei Kostitsyn in Capitals zone.
9:45 of 2nd period - Joe Thornton is hit by Sergei Kostitsyn.
9:55 of 2nd period - Wrist shot by Joe Pavelski.
9:55 of 2nd period - Stopped by Roberto Luongo without a rebound.
9:56 of 2nd period - Joe Thornton wins face-off versus Sergei Kostitsyn in Senateurs zone.
10:05 of 2nd period - Snap shot by Joe Thornton.
10:05 of 2nd period - Shot Misses the Net.
10:50 of 2nd period - Justin Faulk is hit by Ryan Hollweg and loses puck.
10:59 of 2nd period - Snap shot by Stephane Da Costa.
10:59 of 2nd period - Shot Misses the Net.
11:01 of 2nd period - Slapshot by Carlo Colaiacovo.
11:01 of 2nd period - Stopped by Tuukka Rask without a rebound.
11:02 of 2nd period - Joe Thornton wins face-off versus Sergei Kostitsyn in Capitals zone.
11:15 of 2nd period - Wrist shot by Phil Kessel.
11:15 of 2nd period - Goal by Phil Kessel - Senateurs : 3 - Capitals : 2.
11:16 of 2nd period - Jamie Benn wins face-off versus Joe Thornton in neutral zone.
11:26 of 2nd period - Wrist shot by Thomas Vanek.
11:26 of 2nd period - Shot Misses the Net.
11:28 of 2nd period - Snap shot by Joe Thornton.
11:28 of 2nd period - Shot Misses the Net.
11:30 of 2nd period - Wrist shot by Joe Thornton.
11:30 of 2nd period - Shot Misses the Net.
11:32 of 2nd period - Slapshot by Thomas Vanek.
11:32 of 2nd period - Goal by Thomas Vanek - Senateurs : 3 - Capitals : 3.
11:33 of 2nd period - Joe Thornton wins face-off versus Sergei Kostitsyn in neutral zone.
11:45 of 2nd period - Minor Penalty to Joe Thornton for Interference.
11:46 of 2nd period - Brian McGrattan wins face-off versus Sergei Kostitsyn in Capitals zone.
13:45 of 2nd period - Penalty to Joe Thornton is over, Joe Thornton is back on ice.
14:01 of 2nd period - Snap shot by Ryan Getzlaf.
14:01 of 2nd period - Stopped by Roberto Luongo without a rebound.
14:02 of 2nd period - Ryan Getzlaf wins face-off versus Stephane Da Costa in Senateurs zone.
14:05 of 2nd period - Wrist shot by Ryan Getzlaf.
14:05 of 2nd period - Shot Misses the Net.
14:07 of 2nd period - Wrist shot by Ryan Getzlaf.
14:07 of 2nd period - Stopped by Roberto Luongo without a rebound.
14:08 of 2nd period - Ryan Getzlaf wins face-off versus Stephane Da Costa in Senateurs zone.
15:05 of 2nd period - Slapshot by Jeff Skinner.
15:05 of 2nd period - Stopped by Roberto Luongo without a rebound.
15:06 of 2nd period - Ryan Getzlaf wins face-off versus Sidney Crosby in Senateurs zone.
15:21 of 2nd period - Snap shot by Jason Pominville.
15:21 of 2nd period - Stopped by Roberto Luongo with a rebound.
15:45 of 2nd period - Minor Penalty to Daniel Sedin for Hooking.
15:46 of 2nd period - Joe Thornton wins face-off versus Sidney Crosby in Senateurs zone.
16:02 of 2nd period - Sidney Crosby is hit by Joe Pavelski and loses puck.
16:17 of 2nd period - Snap shot by Brent Burns.
16:17 of 2nd period - Deflect By Jason Pominville.
16:17 of 2nd period - Stopped by Roberto Luongo without a rebound.
16:18 of 2nd period - Sidney Crosby wins face-off versus Joe Thornton in Senateurs zone.
17:09 of 2nd period - Icing by Thomas Vanek.
17:10 of 2nd period - Joe Thornton wins face-off versus Ryan Hollweg in Capitals zone.
17:45 of 2nd period - Penalty to Daniel Sedin is over, Daniel Sedin is back on ice.
18:33 of 2nd period - Wrist shot by Evgeni Malkin.
18:33 of 2nd period - Deflect By Pernell Karl Subban.
18:33 of 2nd period - Stopped by Tuukka Rask with a rebound.
Goals for this period are 1 for Senateurs vs 1 for Capitals.
Shots for this period are 5 for Senateurs vs 14 for Capitals.

3rd period


0:01 of 3rd period - Joe Thornton wins face-off versus Sidney Crosby in neutral zone.
0:06 of 3rd period - Snap shot by Joe Pavelski.
0:06 of 3rd period - Stopped by Roberto Luongo without a rebound.
0:07 of 3rd period - Joe Thornton wins face-off versus Sidney Crosby in Senateurs zone.
0:10 of 3rd period - Slapshot by Joe Pavelski.
0:10 of 3rd period - Shot Misses the Net.
0:12 of 3rd period - Slapshot by Pernell Karl Subban.
0:12 of 3rd period - Shot Blocked by Jamie Benn.
0:14 of 3rd period - Slapshot by Brent Burns.
0:14 of 3rd period - Stopped by Roberto Luongo with a rebound.
0:16 of 3rd period - Slapshot by Pernell Karl Subban.
0:16 of 3rd period - Deflect By Joe Thornton.
0:16 of 3rd period - Shot Misses the Net.
0:16 of 3rd period - Puck is out of play.
0:17 of 3rd period - Joe Thornton wins face-off versus Sidney Crosby in Senateurs zone.
0:45 of 3rd period - Brent Burns is hit by Daniel Sedin and loses puck.
1:17 of 3rd period - Snap shot by Sergei Kostitsyn.
1:17 of 3rd period - Stopped by Tuukka Rask without a rebound.
1:18 of 3rd period - Joe Thornton wins face-off versus Sidney Crosby in Capitals zone.
1:18 of 3rd period - Joe Thornton is hit by Jamie Benn.
1:26 of 3rd period - Snap shot by Joe Thornton.
1:26 of 3rd period - Stopped by Roberto Luongo without a rebound.
1:27 of 3rd period - Joe Thornton wins face-off versus Sidney Crosby in Senateurs zone.
1:37 of 3rd period - Minor Penalty to Nate Prosser for Holding.
1:38 of 3rd period - Sidney Crosby wins face-off versus Joe Thornton in Senateurs zone.
2:43 of 3rd period - Jamie Benn is hit by Peter Worrell and loses puck.
3:08 of 3rd period - Daniel Briere is hit by Joe Pavelski and loses puck.
3:37 of 3rd period - Penalty to Nate Prosser is over, Nate Prosser is back on ice.
4:49 of 3rd period - Carlo Colaiacovo is hit by Mikko Koivu and loses puck.
5:44 of 3rd period - Slapshot by Brent Burns.
5:44 of 3rd period - Shot Blocked by Phil Kessel.
5:51 of 3rd period - Minor Penalty to Mikko Koivu for Holding.
5:52 of 3rd period - Sidney Crosby wins face-off versus Joe Thornton in Capitals zone.
5:52 of 3rd period - Snap shot by Jamie Benn.
5:52 of 3rd period - Shot Misses the Net.
5:54 of 3rd period - Slapshot by Dion Phaneuf.
5:54 of 3rd period - Stopped by Tuukka Rask without a rebound.
5:55 of 3rd period - Sidney Crosby wins face-off versus Joe Thornton in Capitals zone.
7:01 of 3rd period - Wrist shot by Colby Armstrong.
7:01 of 3rd period - Stopped by Tuukka Rask with a rebound.
7:03 of 3rd period - Snap shot by Evgeni Malkin.
7:03 of 3rd period - Stopped by Tuukka Rask without a rebound.
7:04 of 3rd period - Joe Thornton wins face-off versus Sidney Crosby in Capitals zone.
7:13 of 3rd period - Snap shot by Sidney Crosby.
7:13 of 3rd period - Stopped by Tuukka Rask without a rebound.
7:14 of 3rd period - Sidney Crosby wins face-off versus Joe Thornton in Capitals zone.
7:51 of 3rd period - Penalty to Mikko Koivu is over, Mikko Koivu is back on ice.
8:33 of 3rd period - Slapshot by Evgeni Malkin.
8:33 of 3rd period - Stopped by Tuukka Rask with a rebound.
8:43 of 3rd period - Snap shot by Mikko Koivu.
8:43 of 3rd period - Shot Misses the Net.
9:31 of 3rd period - Minor Penalty to Brian McGrattan for Holding.
9:32 of 3rd period - Sidney Crosby wins face-off versus Joe Pavelski in Capitals zone.
9:51 of 3rd period - Brent Burns is hit by Phil Kessel.
10:17 of 3rd period - Brent Burns is hit by Phil Kessel and loses puck.
10:22 of 3rd period - Snap shot by Sidney Crosby.
10:22 of 3rd period - Shot Blocked by Brent Burns.
11:31 of 3rd period - Penalty to Brian McGrattan is over, Brian McGrattan is back on ice.
11:35 of 3rd period - Wrist shot by Colby Armstrong.
11:35 of 3rd period - Shot Misses the Net.
11:45 of 3rd period - Slapshot by Justin Faulk.
11:45 of 3rd period - Shot Misses the Net.
11:47 of 3rd period - Snap shot by Mikko Koivu.
11:47 of 3rd period - Stopped by Roberto Luongo with a rebound.
11:49 of 3rd period - Backhand shot by Ryan Suter.
11:49 of 3rd period - Deflect By Mikko Koivu.
11:49 of 3rd period - Stopped by Roberto Luongo with a rebound.
11:51 of 3rd period - Slapshot by Ryan Suter.
11:51 of 3rd period - Shot Blocked by Nate Prosser.
11:53 of 3rd period - Slapshot by Brian McGrattan.
11:53 of 3rd period - Shot Misses the Net.
11:55 of 3rd period - Slapshot by Ondrej Palat.
11:55 of 3rd period - Shot Misses the Net.
11:57 of 3rd period - Snap shot by Ondrej Palat.
11:57 of 3rd period - Shot Misses the Net.
11:59 of 3rd period - Slapshot by Mikko Koivu.
11:59 of 3rd period - Shot Misses the Net.
12:01 of 3rd period - Slapshot by Brian McGrattan.
12:01 of 3rd period - Shot Misses the Net.
12:13 of 3rd period - Snap shot by Mikko Koivu.
12:13 of 3rd period - Shot Blocked by Colby Armstrong.
12:15 of 3rd period - Slapshot by Brian McGrattan.
12:15 of 3rd period - Stopped by Roberto Luongo with a rebound.
12:17 of 3rd period - Slapshot by Justin Faulk.
12:17 of 3rd period - Stopped by Roberto Luongo with a rebound.
12:19 of 3rd period - Slapshot by Ryan Suter.
12:19 of 3rd period - Stopped by Roberto Luongo with a rebound.
12:33 of 3rd period - Wrist shot by Brian McGrattan.
12:33 of 3rd period - Goal by Brian McGrattan - Senateurs : 3 - Capitals : 4.
12:34 of 3rd period - Daniel Briere wins face-off versus Joe Thornton in neutral zone.
13:24 of 3rd period - Slapshot by Nick Leddy.
13:24 of 3rd period - Shot Blocked by Dion Phaneuf.
14:04 of 3rd period - Sidney Crosby is hit by Brent Burns.
14:05 of 3rd period - Icing by Sidney Crosby.
14:06 of 3rd period - Jamie Benn wins face-off versus Ryan Nugent-Hopkins in Senateurs zone.
14:25 of 3rd period - Cody Franson is hit by Pernell Karl Subban and loses puck.
14:56 of 3rd period - Wrist shot by Jason Pominville.
14:56 of 3rd period - Stopped by Roberto Luongo without a rebound.
14:57 of 3rd period - Ryan Getzlaf wins face-off versus Stephane Da Costa in Senateurs zone.
15:09 of 3rd period - Icing by Ryan Suter.
15:10 of 3rd period - Ryan Getzlaf wins face-off versus Daniel Briere in Capitals zone.
15:51 of 3rd period - Slapshot by Evgeni Malkin.
15:51 of 3rd period - Shot Misses the Net.
16:24 of 3rd period - Snap shot by Daniel Sedin.
16:24 of 3rd period - Shot Misses the Net.
16:45 of 3rd period - Nick Leddy is hit by Daniel Briere.
17:49 of 3rd period - Slapshot by Peter Worrell.
17:49 of 3rd period - Shot Blocked by Nate Prosser.
18:00 of 3rd period - Minor Penalty to Ondrej Palat for Holding Stick.
18:01 of 3rd period - Sidney Crosby wins face-off versus Joe Thornton in Capitals zone.
18:17 of 3rd period - Wrist shot by Phil Kessel.
18:17 of 3rd period - Stopped by Tuukka Rask without a rebound.
18:18 of 3rd period - Joe Thornton wins face-off versus Evgeni Malkin in Capitals zone.
18:18 of 3rd period - Joe Thornton is hit by Evgeni Malkin.
18:28 of 3rd period - Snap shot by Cody Franson.
18:28 of 3rd period - Shot Blocked by Brent Burns.
18:30 of 3rd period - Snap shot by Colby Armstrong.
18:30 of 3rd period - Stopped by Tuukka Rask with a rebound.
18:32 of 3rd period - Wrist shot by Colby Armstrong.
18:32 of 3rd period - Stopped by Tuukka Rask without a rebound.
18:33 of 3rd period - Sidney Crosby wins face-off versus Joe Thornton in Capitals zone.
18:36 of 3rd period - Snap shot by Sidney Crosby.
18:36 of 3rd period - Stopped by Tuukka Rask with a rebound.
18:38 of 3rd period - Slapshot by Phil Kessel.
18:38 of 3rd period - Shot Hit the Post.
18:46 of 3rd period - Senateurs, Roberto Luongo is pulled from the net.
0:00 - Penalty to Ondrej Palat is over, Ondrej Palat is back on ice.
Goals for this period are 0 for Senateurs vs 1 for Capitals.
Shots for this period are 10 for Senateurs vs 10 for Capitals.